 Dungeon Crawl Stone Soup version 0.31.0-11-ge490571c62 (webtiles) character file.

Game seed: 12069689550247291381

30 qw the Shooter (level 3, 0/20 HPs)
             Began as a Deep Elf Hunter on Feb 4, 2024.
             Succumbed to an adder's poison
             ... on level 2 of the Dungeon.
             The game lasted 00:00:02 (476 turns).

qw the Shooter (Deep Elf Hunter)                     Turns: 476, Time: 00:00:02

Health: 0/20       AC:  3    Str: 10    XL:     3   Next: 5%
Magic:  5/5        EV:  9    Int: 13    God:
Gold:   39         SH:  0    Dex: 18    Spells: 2/2 levels left

rFire   . . .        a - +0 shortbow
rCold   . . .        (shield currently unavailable)
rNeg    . . .        c - +0 leather armour
rPois   .            (no helmet)
rElec   .            (no cloak)
rCorr   .            (no gloves)
SInv    .            (no boots)
Will    .....        (no amulet)
Stlth   ++           (no ring)
HPRegen 0.23/turn    (no ring)
MPRegen 0.09/turn

%: no passive effects
@: lethally poisoned (0 -> -5), constricted
A: no striking features
a: no special abilities


You were on level 2 of the Dungeon.
You visited 1 branch of the dungeon, and saw 2 of its levels.

You collected 39 gold pieces.


   Skills:
 - Level 1.5 Fighting
 + Level 6.6 Ranged Weapons
 - Level 2.4 Dodging
 - Level 1.2 Stealth


You had 2 spell levels left.
You didn't know any spells.
Your spell library was empty.

Inventory:

Hand Weapons
 a - a +0 shortbow (weapon)
Armour
 c - a +0 leather armour (worn)
Potions
 d - a potion of enlightenment {unknown}
 e - a potion of curing {unknown}
 i - a potion of berserk rage {unknown}

Dungeon Overview and Level Annotations

Branches:
Dungeon (2/15)

Altars:


Message History

An endoplasm comes into view.
You shoot an arrow. The arrow closely misses the adder.
The endoplasm quivers.
The adder closely misses you. The adder bites you.
You shoot an arrow. The arrow barely misses the adder.
The ball python closely misses you. x2; The adder bites you.
You shoot an arrow. The arrow hits the adder.
The adder is moderately wounded.
The adder bites you. The ball python closely misses you. x2
You shoot an arrow.
The arrow hits the adder but does no damage.
The adder is moderately wounded.
The adder bites you.
The ball python bites you but does no damage.
The ball python grabs you. The ball python constricts you. The adder bites you.
The ball python bites you but does no damage.
The ball python constricts you.
You shoot an arrow.
The arrow closely misses the ball python.
The adder bites you.
You are poisoned.
The adder poisons you! The ball python completely misses you.
The ball python constricts you. The adder bites you.
You are lethally poisoned!
The adder poisons you!
You shoot an arrow.
The arrow hits the ball python but does no damage.
You feel sick. The ball python barely misses you.
The ball python constricts you. The frilled lizard bites you.
The adder closely misses you.
You shoot an arrow.
The arrow barely misses the ball python.
You feel sick. The ball python barely misses you.
The ball python constricts you. The adder bites you.
The frilled lizard bites you but does no damage.
The ball python bites you but does no damage.
The ball python constricts you.
You shoot an arrow. The arrow hits the ball python.
The ball python is moderately wounded.
You die...

...............#
................######
......................
......................
.....................
.....................
................#
.!...#l.........###
.....JS@.)........#
#.##.JS...........##
#..##........##..####
....
.........##......# #.)
###.....####..<...# #.
##.#...# #......# .
#.##...##......# ..
.#..########


You could see an adder, 2 endoplasms, a ball python and a frilled lizard.

Vanquished Creatures
  4 bats (D:1)
  4 endoplasms (D:1)
  2 giant cockroaches (D:1)
  A goblin (D:2)
  3 hobgoblins (D:1)
  4 jackals (D:1)
  6 kobolds (D:1)
  A quokka (D:1)
25 creatures vanquished.

Notes
Turn   | Place    | Note
-------+----------+-------------------------------------------
     0 | D:1      | qw the Deep Elf Hunter began the quest for the Orb.
     0 | D:1      | Reached XP level 1. HP: 12/12 MP: 3/3
     0 | D:1      | 0 ||| qw: Version: 0.3-a-160-g6735b56
     0 | D:1      | 0 ||| qw: Game counter: 5187
     0 | D:1      | 0 ||| qw: Melee chars always use a shield: true
     0 | D:1      | 0 ||| qw: God list: Okawaru
     0 | D:1      | 0 ||| qw: Allow faded altars: false
     0 | D:1      | 0 ||| qw: Do Orc after clearing Dungeon:15 true
     0 | D:1      | 0 ||| qw: Do second Lair branch before Depths: true
     0 | D:1      | 0 ||| qw: Lair rune preference: random
     0 | D:1      | 0 ||| qw: Goals: Normal
     0 | D:1      | 0 ||| PLANNING D:1-11
   194 | D:1      | Reached XP level 2. HP: 16/16 MP: 4/4
   201 | D:1      | Reached skill level 6 in Ranged Weapons
   333 | D:1      | Reached XP level 3. HP: 20/20 MP: 5/5
   436 | D:1      | 436 ||| READING scroll labelled ZAARRE ESOIN.
   437 | D:1      | 437 ||| READING scroll labelled LUODOSCH KUNUO.
   438 | D:1      | 438 ||| READING scroll labelled AWKONKI NIHUTT.
   443 | D:1      | 443 ||| DROPPING scroll of butterflies.
   474 | D:2      | HP: 5/20 [poisoned by an adder]
   475 | D:2      | HP: 2/20 [adder (1)]
   476 | D:2      | Succumbed to an adder's poison

Levels and vault maps discovered:
D:1:      lightli_arrival_boilingwater, layout_rooms
D:2:      layout_rooms, minmay_close_crescents

Skill      XL: |  1  2 |
---------------+-------+-----
Ranged Weapons | 6 |  6.6
Fighting       | |  1.5
Dodging        | |  2.4
Stealth        | |  1.2

Action                     || total
---------------------------++-------
   Fire: Shortbow          ||    62
    Use: Scroll            ||     3
 Armour: Leather armour    ||    19
  Dodge: Dodged            ||    13

Table legend:
 A = Non-vault XP
 B = Vault XP
 C = Vault XP percentage of total XP
 D = Non-vault monster count
 E = Vault monster count
 F = Vault count percentage of total count
                 A         B        C        D         E       F
            +---------+---------+-------+---------+---------+-------
      Total |      42 |       2 |   4.5 |      24 |       1 |   4.0
            +---------+---------+-------+---------+---------+-------
        D:1 |      42 |       0 |   0.0 |      24 |       0 |   0.0
        D:2 |       0 |       2 | 100.0 |       0 |       1 | 100.0
            +---------+---------+-------+---------+---------+-------
